Map: Berlingrad LE

Players

TIME (Oliveira) - Winner!

  • Race: Terran Terran

LiquidMaNa (MaNa)

  • Race: Protoss Protoss

Event: TSL 8

VOD

Have the link to the VOD?

Description

Time

  • Played on: Nov. 28, 2021, 10:23 a.m.
  • Length: 10:47

All games in this series

Show
View Real Time Build Order
Export as new Build Order

TIME Terran - Winner!

Build Orders: Reaper Expand 

Get SALT Encoding   

  12  0:00  SCV  
  13  0:12  SCV  
  14  0:17  Supply Depot  
  14  0:25  SCV  
  15  0:39  SCV  
  15  0:40  Barracks  
  16  0:44  Refinery  
  16  0:51  SCV  
  17  1:03  SCV  
  18  1:15  SCV  
  19  1:27  Reaper  
  19  1:28  Orbital Command  
  20  1:40  Command Center  
  20  1:49  Supply Depot  
  20  1:54  SCV  
  21  1:59  Marine  
  22  2:06  SCV  
  23  2:09  Factory  
  23  2:17  Bunker, Marine  
  23  2:20  SCV  
  25  2:25  Refinery  
  25  2:32  SCV  
  25  2:36  Barracks Reactor  
  27  2:44  SCV  
  27  2:53  Hellion  
  27  2:56  Starport, SCV  
  30  3:06  Orbital Command  
  30  3:08  SCV  
  30  3:12  Marine x2  
  32  3:15  Factory Tech Lab  
  33  3:20  SCV  
  33  3:31  SCV  
  33  3:33  SCV  
  35  3:34  Viking, Cyclone  
  35  3:39  Marine  
  35  3:40  Supply Depot  
  35  3:41  Marine  
  42  3:43  SCV  
  42  3:45  SCV  
  44  3:55  SCV, Barracks  
  44  3:56  Barracks  
  44  3:58  SCV  
  44  4:01  Marine x2  
  48  4:06  Starport Tech Lab  
  48  4:09  SCV  
  49  4:10  SCV  
  49  4:11  Supply Depot  
  50  4:19  Marine x2  
  50  4:21  SCV  
  50  4:22  SCV  
  50  4:23  Engineering Bay  
  54  4:32  Refinery  
  54  4:33  SCV  
  54  4:34  Supply Depot, SCV  
  54  4:37  Marine x2  
  59  4:45  SCV  
  59  4:46  SCV  
  59  4:48  Marauder, Stimpack  
  59  4:51  Combat Shield  
  62  4:55  Terran Infantry Weapons Level 1  
  62  4:56  Marauder, Marine x2  
  62  4:57  SCV  
  67  5:01  Supply Depot  
  67  5:03  Factory Reactor, Starport Reactor  
  67  5:05  Supply Depot  
  67  5:08  SCV  
  67  5:09  SCV  
  69  5:15  Marine  
  69  5:16  Refinery  
  69  5:20  Supply Depot  
  70  5:22  Marine  
  70  5:23  Marauder x2  
  70  5:24  SCV  
  70  5:27  Supply Depot  
  76  5:29  SCV  
  76  5:33  Marine  
  78  5:40  Marine  
  78  5:41  Medivac x2  
  83  5:43  Widow Mine  
  83  5:44  Marauder x2  
  83  5:45  Widow Mine  
  91  5:50  Supply Depot  
  91  5:57  Marine  
  92  6:06  Marauder  
  92  6:11  Marauder, Command Center, Marine  
  97  6:15  Medivac x2  
  97  6:16  Concussive Shells  
  97  6:18  Widow Mine x2  
  105  6:25  Marine  
  106  6:27  Marauder  
  106  6:28  Marine  
  106  6:31  Supply Depot  
  106  6:32  SCV  
  88  6:55  Marauder, Marine x3  
  88  6:56  Widow Mine  
  88  6:57  Medivac  
  88  6:58  Medivac  
  88  6:59  Widow Mine  
  88  7:00  SCV  
  94  7:12  Marine x2  
  94  7:13  Marauder, SCV  
  88  7:17  Marauder, Widow Mine  
  88  7:20  Barracks x2  
  88  7:23  Terran Infantry Armor Level 1  
  88  7:24  Orbital Command  
  88  7:27  Medivac  
  90  7:30  Marine  
  90  7:33  Marine  
  92  7:37  Viking  
  92  7:38  SCV  
  92  7:39  Marauder x2, SCV  
  96  7:50  SCV  
  96  7:51  SCV x2  
  99  7:52  Marine x2  
  99  7:57  Viking  
  103  8:01  Starport  
  103  8:02  SCV  
  103  8:03  SCV x2, Refinery  
  103  8:04  Marauder, Refinery  
  103  8:05  Marauder  
  110  8:08  Viking  
  110  8:10  Barracks Reactor, Marine  
  110  8:11  Barracks Tech Lab  
  111  8:14  SCV  
  111  8:15  SCV x2  
  111  8:16  Supply Depot  
  114  8:20  Supply Depot  
  114  8:25  Marauder  
  114  8:26  SCV  
  117  8:27  SCV x2  
  117  8:29  Viking  
  117  8:32  Marauder x2  
  125  8:34  Marine x2  
  125  8:38  SCV  
  125  8:39  SCV  
  129  8:43  Viking x2  
  129  8:44  SCV  
  129  8:47  Supply Depot, Marine  
  129  8:48  Supply Depot, Marine  
  136  8:49  Marauder  
  136  8:50  Liberator, SCV  
  142  8:57  Marauder x2  
  142  8:58  Marine x2  
  142  9:01  Engineering Bay, Armory  
  147  9:07  Marine x2  
  147  9:09  Liberator  
  152  9:10  Supply Depot x2  
  152  9:13  Marauder  
  154  9:20  Marauder  
  154  9:21  Marauder, Marine  
  154  9:22  Liberator, Marine  
  163  9:31  Liberator  
  163  9:36  Liberator  
  163  9:38  Command Center  
  169  9:39  Marauder, Marine x2  
  169  9:41  Marauder  
  172  9:47  Supply Depot  
  172  9:49  Marine  
  172  9:50  Marauder  
  172  9:51  Liberator  
  165  9:59  Marine x2  
  167  10:00  Marauder  
  167  10:02  Marauder  
  171  10:11  Marauder  
  171  10:14  Marine x2  
  150  10:17  Marine  
  140  10:21  Marauder  
  140  10:22  Marine  
  145  10:24  Marauder  
Show
View Real Time Build Order
Export as new Build Order

LiquidMaNa Protoss 

Build Orders: 1 Gate Expand, Oracle Opening, Colossus Rush 

Get SALT Encoding   

  12  0:00  Probe  
  13  0:12  Probe  
  14  0:19  Pylon  
  14  0:24  Probe (Chrono Boost)  
  15  0:37  Gateway, Probe (Chrono Boost)  
  16  0:43  Assimilator  
  16  0:45  Probe (Chrono Boost)  
  17  0:52  Probe  
  19  1:04  Probe  
  19  1:16  Probe  
  20  1:24  Cybernetics Core  
  20  1:35  Nexus  
  20  1:42  Pylon  
  20  1:46  Probe  
  21  1:58  Adept (Chrono Boost), Assimilator, Probe  
  24  2:07  Warp Gate  
  24  2:10  Probe  
  24  2:22  Stalker (Chrono Boost), Probe  
  27  2:34  Probe  
  27  2:36  Stargate  
  28  2:46  Stalker, Probe  
  28  2:48  Probe  
  32  2:58  Probe  
  32  3:00  Probe  
  34  3:07  Shield Battery  
  34  3:10  Probe  
  34  3:12  Probe  
  36  3:22  Probe  
  36  3:24  Probe, Oracle (Chrono Boost)  
  38  3:32  Gateway  
  41  3:36  Probe (Chrono Boost)  
  41  3:38  Robotics Facility, Probe (Chrono Boost)  
  43  3:47  Probe (Chrono Boost)  
  45  3:49  Assimilator  
  45  3:50  Probe (Chrono Boost)  
  45  3:51  Pylon  
  45  3:52  Probe (Chrono Boost)  
  46  4:09  Phoenix, Probe x2  
  50  4:10  Assimilator  
  50  4:21  Probe (Chrono Boost)  
  50  4:22  Probe (Chrono Boost)  
  52  4:28  Robotics Bay  
  54  4:32  Probe x2 (Chrono Boost), Pylon  
  54  4:41  Pylon  
  54  4:48  Immortal (Chrono Boost)  
  54  4:50  Probe x2  
  54  4:52  Sentry  
  62  4:56  Pylon  
  62  5:01  Sentry  
  62  5:02  Probe x2  
  62  5:06  Nexus  
  66  5:14  Probe x2  
  66  5:16  Colossus (Chrono Boost)  
  74  5:24  Pylon  
  74  5:27  Extended Thermal Lance  
  74  5:29  Probe  
  74  5:32  Probe  
  76  5:38  Twilight Council  
  76  5:43  Gateway  
  76  5:45  Gateway  
  76  5:50  Shield Battery  
  76  5:52  Phoenix  
  76  5:54  Probe  
  76  5:55  Probe  
  80  6:04  Colossus  
  86  6:14  Pylon  
  86  6:15  Pylon  
  86  6:18  Phoenix  
  88  6:22  Probe  
  88  6:23  Probe  
  89  6:27  Zealot  
  89  6:29  Zealot  
  89  6:30  Probe  
  94  6:35  Probe x2  
  96  6:40  Zealot x2  
  95  6:47  Charge  
  78  6:59  Zealot x2  
  78  7:00  Zealot x2  
  78  7:01  Phoenix  
  72  7:02  Probe x2  
  75  7:14  Probe  
  75  7:21  Nexus  
  74  7:24  Sentry x2  
  77  7:30  Colossus (Chrono Boost)  
  83  7:45  Pylon  
  83  7:46  Pylon  
  83  7:56  Gateway  
  83  7:57  Gateway  
  83  8:03  Phoenix  
  85  8:13  Colossus (Chrono Boost)  
  85  8:18  Templar Archives  
  91  8:20  Zealot  
  91  8:22  Probe  
  94  8:32  Phoenix  
  94  8:34  Gateway, Pylon  
  96  8:36  Gateway  
  96  8:48  Probe  
  97  8:52  Probe x2  
  97  8:54  Warp Prism (Chrono Boost)  
  101  8:56  High Templar x4  
  101  9:00  Archon  
  101  9:01  Archon  
  109  9:03  Zealot x2  
  109  9:09  Pylon  
  113  9:14  Pylon  
  113  9:18  Pylon  
  113  9:20  Pylon  
  113  9:34  Zealot x6, High Templar x2  
  113  9:38  Archon  
  129  9:45  Pylon  
  121  9:57  Zealot x6  
  126  10:10  Zealot x2  
  96  10:20  Probe x2  
Tags
 
Add a new tag
Caveats
  • Supply blocks, unpowered buildings, or Contaminate may cause inaccurate times.
  • Supply counts are checked every 10 seconds.